 Dungeon Crawl Stone Soup version 0.18.1-48-g4cf74bf (webtiles) character file.

669 Alarkh the Shooter (level 7, -7/50 HPs)
             Began as a Mummy Hunter on Aug 6, 2016.
             Mangled by Joat's ghost (9 damage)
             ... in a sewer.
             The game lasted 00:09:44 (4769 turns).

Alarkh the Shooter (Mummy Hunter)                   Turns: 4769, Time: 00:09:45

Health: -7/50      AC:  4    Str: 16    XL:     7   Next: 32%
Magic:  7/7        EV: 11    Int: 12    God:
Gold:   178        SH:  0    Dex: 12    Spells: 0 memorised, 6 levels left

rFire  . . .     SeeInvis .     a - +1 shortbow
rCold  . . .     Gourm    .     c - +0 leather armour
rNeg   + + +     Faith    .     (shield currently unavailable)
rPois  ∞         Spirit   .     (no helmet)
rElec  .         Dismiss  .     j - +0 cloak
rCorr  .         Reflect  .     (no gloves)
SustAt .         Harm     .     (no boots)
MR     .....                    (no amulet)
Stlth  +.........               (no ring)
                                i - ring of fire

@: not resistant to hostile enchantments, very unstealthy
A: no food or potions, fire vulnerability, cold resistance 1, negative energy
resistance 3, torment resistance, unbreathing
a: no special abilities


You were in a sewer.
You were not hungry.

You visited 1 branch of the dungeon, and saw 5 of its levels.
You also visited: Sewer.

You collected 178 gold pieces.

Inventory:

Hand Weapons
 a - a +1 shortbow (weapon)
 b - a +0 mace
Missiles
 d - 9 arrows (quivered)
Armour
 c - a +0 leather armour (worn)
 j - a +0 cloak (worn)
Jewellery
 i - a ring of fire (left hand)
 n - an uncursed ring of teleportation
 p - an uncursed amulet of harm {unknown}
Scrolls
 e - a scroll of recharging {unknown}
 f - 2 scrolls of teleportation {unknown}
 g - 5 scrolls of remove curse
 h - a scroll of enchant weapon {unknown}
 k - 2 scrolls of identify {unknown}
 l - a scroll of enchant armour {unknown}
 m - 2 scrolls of amnesia {unknown}
 o - a scroll of random uselessness {unknown}
 q - a scroll of noise {unknown}


   Skills:
 - Level 2.0 Fighting
 + Level 7.5 Bows
 - Level 1.5 Dodging
 - Level 0.7 Stealth


You had 6 spell levels left.
You didn't know any spells.

Dungeon Overview and Level Annotations

Branches:
Dungeon (5/15)
 Temple: D:4-7

Altars:
Gozag

Shops:
D:4 *

Annotations:
Sewer Joat's ghost, novice DsWn


Innate Abilities, Weirdness & Mutations

You do not eat or drink.
Your flesh is vulnerable to fire.
You are immune to poison.
Your flesh is cold resistant.
You are immune to negative energy.
You are immune to unholy pain and torment.
You can survive without breathing.


Message History

Aim: Joat's ghost, wielding a weapon of chaos (lightly damaged)
You shoot an arrow. The arrow hits Joat's ghost.
Joat's ghost is lightly damaged.
Joat's ghost hits you but does no damage.
Firing (i - inventory):
d - 11 arrows (quivered)
Press: ? - help, Shift-Dir - straight line, f/p - Joat's ghost
Aim: Joat's ghost, wielding a weapon of chaos (lightly damaged)
You shoot an arrow. The arrow barely misses Joat's ghost.
You hear a splash.
Joat's ghost hits you.
* * * LOW HITPOINT WARNING * * *
Firing (i - inventory):
d - 10 arrows (quivered)
Press: ? - help, Shift-Dir - straight line, f/p - Joat's ghost
Aim: Joat's ghost, wielding a weapon of chaos (lightly damaged)
You shoot an arrow.
The arrow hits Joat's ghost but does no damage.
Joat's ghost is lightly damaged.
You hear a splash.
Joat's ghost hits you!
You die...

≈##≈.†## ##†≈≈##≈≈≈# .#≈≈≈≈#
#..≈≈#≈≈≈# †#≈≈≈≈# #.≈≈≈#≈≈≈#
≈#≈≈≈≈# #≈≈≈≈#≈≈.# ≈##≈≈≈#
##≈≈≈##≈≈≈# ≈.#≈≈≈#
##≈≈≈≈#≈.≈≈# ≈.##÷≈##
###≈≈≈≈##≈≈.## ≈≈≈##.÷#
≈#######≈†≈≈≈##≈≈≈≈#
≈.≈≈#.≈##(..≈≈≈W@≈.≈###.†≈.##
#≈≈.≈≈≈≈#....≈≈≈≈####≈≈≈≈.##
####≈≈≈#######≈∩≈#≈≈≈≈≈.≈##
##≈≈#≈≈≈≈≈#####≈≈≈≈#####
####≈.≈≈.†≈≈≈≈≈####≈≈∩#
#≈≈≈#########≈...≈##
#≈≈≈≈†≈≈≈≈≈≈†.∩.###
#≈≈≈†.≈≈.≈≈.#####
#############


You could see Joat's ghost.

Vanquished Creatures
  2 ogres
  A hound (D:4)
  An orc wizard (D:3)
  An orc priest (D:4)
  A giant frog skeleton (D:4)
  A worker ant (D:4)
  Natasha (thrice) (D:2)
  4 gnolls (D:4)
  A howler monkey skeleton (D:4)
  5 adders
  5 oozes (Sewer)
  2 worms (D:2)
  23 giant geckos
  10 orcs
  11 bats
  22 giant cockroaches
  5 goblins
  8 hobgoblins
  9 kobolds
  A quokka (D:2)
  10 ball pythons (Sewer)
  10 giant newts (Sewer)
  A quokka skeleton (D:4)
  5 rats
142 creatures vanquished.

Vanquished Creatures (others)
  An orc wizard (D:3)
1 creature vanquished.

Grand Total: 143 creatures vanquished

Notes
Turn   | Place    | Note
--------------------------------------------------------------
     0 | D:1      | Alarkh the Mummy Hunter began the quest for the Orb.
     0 | D:1      | Reached XP level 1. HP: 16/16 MP: 1/1
   102 | D:1      | Reached XP level 2. HP: 22/22 MP: 2/2
   354 | D:1      | Reached skill level 4 in Bows
   609 | D:2      | Reached XP level 3. HP: 21/27 MP: 3/3
   783 | D:2      | Noticed Natasha
   788 | D:2      | Killed Natasha
   859 | D:2      | Reached XP level 4. HP: 33/33 MP: 4/4
   871 | D:2      | Noticed Natasha
   883 | D:2      | Killed Natasha
   981 | D:2      | Reached skill level 5 in Bows
  1217 | D:2      | Noticed Natasha
  1220 | D:2      | Killed Natasha
  1220 | D:2      | Reached XP level 5. HP: 38/38 MP: 5/5
  2226 | D:4      | Noticed an ogre
  2271 | D:3      | Killed an ogre
  2271 | D:3      | Reached skill level 6 in Bows
  2271 | D:3      | Reached XP level 6. HP: 24/44 MP: 6/6
  2853 | D:4      | Found an opulent altar of Gozag.
  2855 | D:4      | Found Gozag's Platinum Reserve.
  3022 | D:4      | Reached skill level 7 in Bows
  3022 | D:4      | Reached XP level 7. HP: 44/50 MP: 7/7
  3415 | D:5      | Entered Level 5 of the Dungeon
  3422 | D:5      | Found a glowing drain.
  3478 | Sewer    | Entered a sewer
  4756 | Sewer    | Noticed Joat's ghost (novice DsWn)
  4768 | Sewer    | HP: 2/50 [Joat's ghost (3)]
  4769 | Sewer    | Mangled by Joat's ghost

Skill      XL: |  1  2  3  4  5  6 |
---------------+-------------------+-----
Bows           | 4 5 6 7 |  7.5
Fighting       | |  2.0
Dodging        | |  1.5
Stealth        | |  0.7

Action                   |  1- 3 |  4- 6 |  7- 9 || total
-------------------------+-------+-------+-------++-------
Melee: Mace              |       |    37 |   213 ||   250
 Fire: Shortbow          |    69 |   164 |    57 ||   290
  Use: Scroll            |     1 |     1 |       ||     2
Armor: Leather armour    |     1 |    22 |   138 ||   161
Dodge: Dodged            |    13 |    53 |   289 ||   355
